 Dungeon Crawl Stone Soup version 0.26.1-11-gd32895ea62 (webtiles) character file.

Game seed: 14280107698280443664

3115 Zeld the Spear-Bearer (level 9, -3/64 HPs)
             Began as a Merfolk Gladiator on Aug 31, 2021.
             Was a Follower of Hepliaklqana.
             Slain by a wolf (4 damage)
             ... on level 8 of the Dungeon.
             The game lasted 00:14:06 (10198 turns).

Zeld the Spear-Bearer (Merfolk Gladiator)          Turns: 10198, Time: 00:14:06

Health: -3/64      AC: 13    Str: 17    XL:     9   Next: 91%
Magic:  9/9        EV:  8    Int:  7    God:    Hepliaklqana [*.....]
Gold:   397        SH:  0    Dex: 16    Spells: 8/8 levels left

rFire    . . .     SeeInvis .   a - +0 trident
rCold    . . .     Faith    .   (no shield)
rNeg     . . .     Spirit   .   r - +0 plate armour
rPois    .         Reflect  .   c - +0 helmet
rElec    .         Harm     .   u - scarf {repulsion}
rCorr    .         Rampage  .   (no gloves)
Will     .....                  q - +0 pair of boots
Stlth    ..........             (no amulet)
HPRegen  0.20/turn              (no ring)
MPRegen  0.11/turn              (no ring)

@: repel missiles
A: change form in water, swift swim, stealthy swim, reduced essence
a: Renounce Religion, Recall Ancestor, Ancestor Identity


You were on level 8 of the Dungeon.
You worshipped Hepliaklqana.
Hepliaklqana was aware of your devotion.
You visited 2 branches of the dungeon, and saw 9 of its levels.

You collected 397 gold pieces.

Inventory:

Hand Weapons
 a - a +0 trident (weapon)
Missiles
 d - 3 throwing nets
 g - 283 stones (quivered)
 z - 38 poisoned darts
 B - 2 boomerangs
Armour
 c - a +0 helmet (worn)
 q - a +0 pair of boots (worn)
 r - a +0 plate armour (worn)
 u - a scarf of repulsion (worn)
Jewellery
 k - a cursed -4 ring of dexterity {unknown}
 A - an uncursed amulet of regeneration {unknown}
 C - a cursed ring of attention {unknown}
 F - an uncursed ring of wizardry {unknown}
Wands
 D - a wand of flame (19)
Scrolls
 b - 5 scrolls of remove curse {unknown}
 h - 4 scrolls of identify {unknown}
 i - a scroll of enchant weapon {unknown}
 l - 6 scrolls of amnesia {unknown}
 n - a scroll of magic mapping {unknown}
 o - 2 scrolls of enchant armour {unknown}
 s - a scroll of blinking {unknown}
 v - a scroll of immolation {unknown}
 w - 2 scrolls of teleportation {unknown}
 y - 2 scrolls of fear {unknown}
 E - a scroll of random uselessness {unknown}
Potions
 e - a potion of berserk rage {unknown}
 f - 6 potions of curing
 j - 2 potions of might
 m - 3 potions of brilliance {unknown}
 p - a potion of degeneration {unknown}
 t - 2 potions of resistance {unknown}
 x - a potion of cancellation {unknown}


   Skills:
 * Level 7.2 Fighting
 * Level 10.1 Polearms
 * Level 6.7 Throwing
 + Level 3.1 Armour
 + Level 7.2 Dodging
 + Level 5.1 Stealth


You had 8 spell levels left.
You didn't know any spells.
Your spell library contained the following spells:

 Spells                   Type           Power        Failure   Level
 Beastly Appendage        Tmut           0%           100%        1
 Wereblood                Tmut           0%           100%        2
 Spider Form              Tmut/Pois      0%           100%        3
 Ice Form                 Ice/Tmut       0%           100%        4
 Blade Hands              Tmut           0%           100%        5


Dungeon Overview and Level Annotations

Branches:
Dungeon (8/15)             Temple (1/1) D:7
   Lair: D:8-11

Altars:
Ashenzari
Dithmenos
Elyvilon
Fedhas
Gozag
Hepliaklqana
Kikubaaqudgha
Nemelex Xobeh
Okawaru
Qazlal
Ru
Sif Muna
Trog
Uskayaw
Vehumet
Wu Jian
Xom
Yredelemnul
The Shining One

Annotations:
D:5 exclusion: oklob plant


Message History

You hit the wolf.
The wolf is lightly wounded.
The wolf bites you.
* * * LOW HITPOINT WARNING * * *
The wolf bites you but does no damage.
You miss the wolf.
The wolf is lightly wounded.
The wolf bites you!
* * * LOW HITPOINT WARNING * * *
You barely miss the wolf.
The wolf is lightly wounded.
The wolf closely misses you. The wolf barely misses you.
You hit the wolf.
The wolf is moderately wounded.
The wolf bites you!
* * * LOW HITPOINT WARNING * * *
You hit the wolf but do no damage.
The wolf is moderately wounded.
The wolf bites you.
You die...

#.## #+# #....
#.## #....
#..## #.....
##..## #......
##.†## #....
##..###..#
##.....#
######...#####.
#@h....$.......
########....≈..
....≈.. ....≈≈≈
..≈.≈≈≈ ....;;≈
.≈≈≈.;≈ ...≈≈≈≈


You could see a wolf.

Vanquished Creatures
  Prince Ribbit (D:7)
  Sigmund (D:3)
  Edmund (D:4)
  A water moccasin (D:7)
  An ice beast (D:6)
  A black bear (D:3)
  A phantom (D:5)
  4 centaurs
  2 ogres
  A wolf (D:8)
  4 bullfrogs
  Blork the orc (D:6)
  A water moccasin zombie (D:8)
  2 scorpions
  3 wights
  A vampire bat (D:3)
  A quasit (D:7)
  A centaur skeleton (D:6)
  2 hounds
  An orc wizard (D:6)
  A bullfrog skeleton (D:4)
  An orc priest (D:6)
  Crazy Yiuf (D:3)
  Ijyb (D:3)
  3 iguanas
  6 worker ants
  2 hound zombies
  A worker ant zombie (D:5)
  7 adders
  A shadow imp (D:6)
  2 adder skeletons
  4 worms
  2 dart slugs
  3 fire bats (D:3)
  7 leopard geckos
  12 orcs
  2 spectral bats (D:3)
  2 ball pythons
  14 bats
  3 bat skeletons (D:3)
  A bat zombie (D:3)
  7 giant cockroaches
  9 goblins
  3 hobgoblins
  5 jackals
  4 quokkas
  A bat simulacrum (D:3)
  4 frilled lizards
  4 kobolds
  2 leopard gecko skeletons
  A quokka skeleton (D:7)
  4 rats
151 creatures vanquished.

Vanquished Creatures (collateral kills)
  A troll (D:8)
  A quasit (D:7)
  A hound (D:8)
  A giant cockroach (D:8)
  3 jackals (D:8)
7 creatures vanquished.

Vanquished Creatures (others)
  3 ancestors (D:8)
  A fungus (D:1)
  13 toadstools (D:5)
17 creatures vanquished.

Grand Total: 175 creatures vanquished

Notes
Turn   | Place    | Note
-------+----------+-------------------------------------------
     0 | D:1      | Zeld the Merfolk Gladiator began the quest for the Orb.
     0 | D:1      | Reached XP level 1. HP: 16/16 MP: 1/1
   290 | D:1      | Reached XP level 2. HP: 23/23 MP: 2/2
   602 | D:1      | Reached XP level 3. HP: 28/28 MP: 3/3
  1151 | D:2      | Noticed a centaur
  1173 | D:2      | Killed a centaur
  1174 | D:2      | Reached skill level 5 in Polearms
  1174 | D:2      | Reached skill level 1 in Stealth
  1174 | D:2      | Reached XP level 4. HP: 19/35 MP: 4/4
  1174 | D:2      | Reached XP level 5. HP: 23/41 MP: 5/5
  1632 | D:2      | Found a stormy altar of Qazlal.
  2280 | D:3      | Noticed Ijyb
  2299 | D:3      | Killed Ijyb
  2354 | D:3      | Noticed Sigmund
  2771 | D:3      | Noticed a black bear
  2784 | D:3      | Killed a black bear
  2785 | D:3      | Reached skill level 1 in Armour
  2785 | D:3      | Reached XP level 6. HP: 21/48 MP: 6/6
  2972 | D:3      | Reached skill level 6 in Polearms
  3275 | D:3      | Killed Sigmund
  3276 | D:3      | Reached skill level 5 in Dodging
  3276 | D:3      | Reached XP level 7. HP: 45/54 MP: 7/7
  3419 | D:3      | Found a glowing golden altar of the Shining One.
  3870 | D:3      | Found a runed translucent door.
  3871 | D:3      | Noticed Crazy Yiuf
  3897 | D:3      | Killed Crazy Yiuf
  4167 | D:4      | Noticed Edmund
  4193 | D:4      | Killed Edmund
  4194 | D:4      | Reached skill level 7 in Polearms
  4853 | D:5      | Entered Level 5 of the Dungeon
  4877 | D:5      | Reached XP level 8. HP: 47/60 MP: 8/8
  5206 | D:5      | Reached skill level 5 in Fighting
  5254 | D:5      | Found a shimmering altar of Xom.
  5375 | D:5      | Found a blossoming altar of Fedhas.
  5404 | D:5      | Noticed an oklob plant
  5621 | D:5      | Found a bloodstained altar of Trog.
  5672 | D:5      | Reached skill level 8 in Polearms
  5672 | D:5      | Reached skill level 5 in Throwing
  6018 | D:6      | Noticed Blork the orc
  6030 | D:6      | Killed Blork the orc
  6458 | D:6      | Found a broken altar of Ashenzari.
  6735 | D:6      | Reached XP level 9. HP: 48/69 MP: 9/9
  7195 | D:6      | Reached skill level 9 in Polearms
  7497 | D:7      | Noticed Prince Ribbit
  7506 | D:7      | Killed Prince Ribbit
  7508 | D:7      | Found a staircase to the Ecumenical Temple.
  7542 | Temple   | Entered the Ecumenical Temple
  7998 | Temple   | Became a worshipper of Hepliaklqana the Forgotten
  8988 | D:8      | Reached * piety under Hepliaklqana
  9021 | D:8      | Noticed a troll
  9412 | D:8      | Killed a troll
  9988 | D:8      | Reached skill level 10 in Polearms
  9988 | D:8      | Reached skill level 5 in Stealth
 10197 | D:8      | HP: 1/64 [wolf (7)]
 10198 | D:8      | Slain by a wolf

Illustrated notes

Levels and vault maps discovered:
D:1:      dpeg_arrival_water_fire, layout_basic, dk_noncrumbling_4,
          minmay_misc_feat_pillars
D:2:      layout_loops_corners, nicolae_overflow_crystal_walls
D:3:      layout_rooms, marbit_many_paths, serial_aquarium,
          aquarium_bridge_island_small [aquarium_subvault_small_open,
          aquarium_subvault_bridge, aquarium_subvault_bridge,
          aquarium_subvault_bridge, aquarium_subvault_bridge],
          aquarium_window_2, aquarium_window_2, aquarium_view_2b,
          aquarium_view_2d, goddamned_bats, uniq_ijyb, uniq_sigmund,
          uniq_crazy_yiuf_cottage
D:4:      layout_cave_pools, uniq_edmund
D:5:      layout_loops_cross, overflow_temple_1_default, kennysheep_mini_moat,
          tgw_fedhas
D:6:      layout_gridville, cheibrodos_ashenzari_chains, uniq_blork_the_orc
D:7:      layout_gridville, minmay_temple_entry_waves, uniq_prince_ribbit1
D:8:      layout_basic, erik_lair_island, serial_aquarium,
          aquarium_bridge_square [aquarium_subvault_wall,
          aquarium_subvault_wall, aquarium_subvault_wall,
          aquarium_subvault_bridge], aquarium_window_1, aquarium_window_fake,
          aquarium_window_corner, aquarium_window_2, aquarium_view_2e,
          aquarium_balcony_5b, aquarium_pool_corner, nemelex_lonely_heart_becter
Temple:   minmay_temple_curvy_branch

Skill      XL: |  1  2  3  4  5  6  7  8  9 |
---------------+----------------------------+-----
Fighting       | 3 4 6 7 |  7.2
Polearms       | 5 6 7 8 10 | 10.1
Stealth        | 1 2 3 4 5 |  5.1
Throwing       | 3 4 5 6 |  6.7
Armour         | 1 2 3 |  3.1
Dodging        | 5 6 7 |  7.2

Action                   |  1- 3 |  4- 6 |  7- 9 || total
-------------------------+-------+-------+-------++-------
Melee: Trident           |    92 |   140 |   635 ||   867
Throw: Stone             |       |       |     2 ||     2
Invok: Ancestor Identity |       |       |     3 ||     3
       Recall Ancestor   |       |       |     1 ||     1
Evoke: Wand              |       |       |     2 ||     2
  Use: Potion            |       |       |     2 ||     2
 Stab: Sleeping          |     2 |       |       ||     2
Armor: Leather armour    |    11 |       |       ||    11
       Plate armour      |    23 |    77 |   402 ||   502
Dodge: Dodged            |    55 |    20 |   233 ||   308
